 Dungeon Crawl Stone Soup version 0.32-a0-460-gc8eefc90e7 (webtiles) character file.

Game seed: 10747606332162472128

285 Morbidden the Shooter (level 6, 0/47 HPs)
             Began as a Formicid Hunter on Feb 24, 2024.
             Incinerated by a bombardier beetle (2 damage)
             ... with a burning spray
             ... on level 3 of the Dungeon.
             The game lasted 00:01:32 (1723 turns).

Morbidden the Shooter (Formicid Hunter)             Turns: 1723, Time: 00:01:33

Health: 0/47       AC:  3    Str: 15    XL:     6   Next: 55%
Magic:  6/6        EV: 12    Int:  9    God:
Gold:   145        SH:  0    Dex: 19    Spells: 5/5 levels left

rFire   . . .        a - +0 shortbow
rCold   . . .        (no shield)
rNeg    . . .        c - +0 leather armour
rPois   .            (helmet unavailable)
rElec   .            (no cloak)
rCorr   .            (no gloves)
SInv    +            (no boots)
Will    .....        (no amulet)
Stlth   +            (no ring)
HPRegen 0.27/turn    (no ring)
MPRegen 0.10/turn

%: no passive effects
@: on fire, glowing
A: permanent stasis, dig shafts and tunnels, antennae 3, four strong arms
a: Dig, Shaft Self


You were on level 3 of the Dungeon.
You visited 1 branch of the dungeon, and saw 3 of its levels.

You collected 145 gold pieces.

Inventory:

Hand Weapons
 a - a +0 shortbow (weapon)
Armour
 c - a +0 leather armour (worn)
Wands
 j - a wand of paralysis (10)
Scrolls
 b - a scroll of butterflies
 e - 6 scrolls of teleportation {unknown}
 f - 3 scrolls of fear {unknown}
 g - 2 scrolls of enchant weapon {unknown}
 h - 2 scrolls of noise {unknown}
 m - a scroll of revelation {unknown}
 n - a scroll of identify {unknown}
 o - a scroll of amnesia {unknown}
Potions
 d - 6 potions of curing {unknown}
 i - a potion of cancellation {unknown}
 k - a potion of attraction {unknown}
 l - a potion of heal wounds {unknown}


   Skills:
 * Level 3.1 Fighting
 * Level 6.4 Ranged Weapons
 * Level 2.1 Armour
 * Level 2.3 Dodging
 + Level 1.3 Stealth


You had 5 spell levels left.
You didn't know any spells.
Your spell library contained the following spells:

 Spells                   Type           Power      Damage    Failure   Level
 Necrotise                Necr           0%         1d4       45%         1
 Lesser Beckoning         Tloc           0%         N/A       58%         2
 Gell's Gravitas          Tloc           0%         N/A       83%         3
 Teleport Other           Tloc           0%         N/A       83%         3
 Vampiric Draining        Necr           0%         2d6       83%         3
 Martyr's Knell           Necr/Summ      0%         N/A       99%         4
 Curse of Agony           Necr           0%         N/A       100%        5


Dungeon Overview and Level Annotations

Branches:
Dungeon (3/15)

Altars:
Gozag

Shops:
D:1 [


Innate Abilities, Weirdness & Mutations

You cannot be hasted, slowed, berserked, paralysed or teleported.
You can dig through walls and to a lower floor.
You have a pair of large antennae on your head. (SInv)
Your four strong arms can wield two-handed weapons with a shield.


Message History

Fire: a) +0 shortbow
Press: ? - help, Q - select action, (/) - cycle Shift-Dir - straight line, f/p - bombardier beetle
Aim: a bombardier beetle (heavily wounded, 75% to hit)
You shoot an arrow. The arrow hits the orc!
You kill the orc!
Unknown command.
Fire: a) +0 shortbow
Press: ? - help, Q - select action, (/) - cycle Shift-Dir - straight line, f/p - bombardier beetle
Aim: a bombardier beetle (heavily wounded, 75% to hit)
You shoot an arrow. The arrow hits the bombardier beetle.
The bombardier beetle is severely wounded.
Unknown command.
Fire: a) +0 shortbow
Press: ? - help, Q - select action, (/) - cycle Shift-Dir - straight line, f/p - bombardier beetle
Aim: a bombardier beetle (severely wounded, 75% to hit)
You shoot an arrow.
The arrow barely misses the bombardier beetle.
The bombardier beetle sprays incendiary fluid at you.
The burning spray hits you.
You are covered in liquid fire!
Fire: a) +0 shortbow
Press: ? - help, Q - select action, (/) - cycle Shift-Dir - straight line, f/p - bombardier beetle
Aim: a bombardier beetle (severely wounded, 75% to hit)
You shoot an arrow. The arrow hits the bombardier beetle.
The bombardier beetle is almost dead.
The liquid fire burns you!
* * * LOW HITPOINT WARNING * * *
You shake off some of the fire as you move.
The liquid fire burns you!
* * * LOW HITPOINT WARNING * * *
The bombardier beetle sprays incendiary fluid at you.
The burning spray hits you.
You are even more covered in liquid fire!
You shake off some of the fire as you move.
The liquid fire burns you!
* * * LOW HITPOINT WARNING * * *
Unknown command.
You shake off some of the fire as you move.
The liquid fire burns you!
You die...

###
#.#####################
#.....................#
##.###################.#
#....B)....@.# #.#
#..#########.# #.# #..#
.# #.# #..# ... #.# #B.#
##.# #.# ,#/.# #.# #.#
...# #.#######.# #...#
#.##......# #.)..
#.##.######


You could see a bombardier beetle.

Vanquished Creatures
  Sigmund (D:2)
  An orc wizard (D:3)
  3 adders
  6 dart slugs
  A ribbon worm (D:2)
  5 orcs (D:3)
  6 ball pythons
  A bat (D:2)
  3 endoplasms (D:2)
  2 giant cockroaches
  4 goblins
  4 hobgoblins
  A jackal (D:2)
  4 quokkas
  2 frilled lizards
  3 kobolds
  5 rats
52 creatures vanquished.

Notes
Turn   | Place    | Note
-------+----------+-------------------------------------------
     0 | D:1      | Morbidden the Formicid Hunter began the quest for the Orb.
     0 | D:1      | Reached XP level 1. HP: 16/16 MP: 1/1
    74 | D:1      | Reached XP level 2. HP: 13/22 MP: 2/2
   361 | D:1      | Found a faded altar of an unknown god.
   406 | D:1      | Found Kehirha's Armour Emporium.
   505 | D:1      | Reached XP level 3. HP: 28/28 MP: 3/3
   552 | D:1      | Reached skill level 1 in Armour
   766 | D:2      | Found an opulent altar of Gozag.
   971 | D:2      | Reached skill level 5 in Ranged Weapons
   971 | D:2      | Reached XP level 4. HP: 23/34 MP: 4/4
  1103 | D:2      | Noticed Sigmund
  1111 | D:2      | Killed Sigmund
  1112 | D:2      | Reached skill level 6 in Ranged Weapons
  1112 | D:2      | Reached XP level 5. HP: 37/41 MP: 5/5
  1112 | D:2      | Reached XP level 6. HP: 42/47 MP: 6/6
  1722 | D:3      | HP: 2/47 [burnt (3)]
  1723 | D:3      | Incinerated by a bombardier beetle

Illustrated notes

Levels and vault maps discovered:
D:1:      hellmonk_arrival_library, layout_loops_cross, serial_shops, shop,
          shapermc_ecumenical_altar_totnotflames, minmay_misc_feat_pillars,
          minmay_surrounded
D:2:      layout_basic, basic_altar, kennysheep_generic_room_16, uniq_sigmund
D:3:      layout_basic

Skill      XL: |  1  2  3  4 |
---------------+-------------+-----
Armour         | 1 2 |  2.1
Ranged Weapons | 5 6 |  6.4
Dodging        | 2 |  2.3
Fighting       | 3 |  3.1
Stealth        | |  1.3

Action                     |  1- 3 |  4- 6 || total
---------------------------+-------+-------++-------
   Fire: Shortbow          |    73 |    83 ||   156
 Armour: Leather armour    |    26 |    19 ||    45
  Dodge: Dodged            |    29 |    35 ||    64

Table legend: (Time is in decaauts)
 A = Elapsed time spent in this place.
 B = Non-inter-level travel time spent in this place.
 C = Inter-level travel time spent in this place.
 D = Time resting spent in this place.
 E = Time spent auto-exploring this place.
 F = Levels seen in this place.
 G = Mean time per level.
                   A        B        C        D        E       F      G
               +--------+--------+--------+--------+--------+-----+--------+
         Total |   1748 |   1718 |     30 |      0 |   1410 |   3 |  582.7 |
       Dungeon |   1748 |   1718 |     30 |      0 |   1410 |   3 |  582.7 |
               +--------+--------+--------+--------+--------+-----+--------+

Top non-repeatable levels by time:
     D:1: 776 daAuts
     D:2: 497 daAuts
     D:3: 473 daAuts
